 Dungeon Crawl Stone Soup version 0.20-a0-432-g25cc1b4 (webtiles) character file.

58 Kidiri the Magician (level 3, 0/19 HPs)
             Began as a Deep Elf Fire Elementalist on Jan 2, 2017.
             Succumbed to an adder's poison
             ... on level 2 of the Dungeon.
             The game lasted 00:05:11 (1424 turns).

Kidiri the Magician (Deep Elf Fire Elementalist)    Turns: 1424, Time: 00:05:12

Health: 0/19       AC:  2    Str:  5    XL:     3   Next: 75%
Magic:  10/10      EV: 13    Int: 20    God:
Gold:   78         SH:  0    Dex: 15    Spells: 1/10 levels left

rFire  . . .     SeeInvis .     e - +2 dagger
rCold  . . .     Gourm    .     a - +0 robe
rNeg   . . .     Faith    .     (no shield)
rPois  .         Spirit   .     (no helmet)
rElec  .         Reflect  .     (no cloak)
rCorr  .         Harm     .     (no gloves)
MR     .....                    (no boots)
Stlth  ++........               (no amulet)
                                (no ring)
                                (no ring)

@: lethally poisoned (0 -> -17), very slightly contaminated
A: no striking features
a: no special abilities


You were on level 2 of the Dungeon.
You were not hungry.

You visited 1 branch of the dungeon, and saw 2 of its levels.

You collected 78 gold pieces.

Inventory:

Hand Weapons
 e - a +2 dagger (weapon)
Armour
 a - a +0 robe (worn)
Wands
 g - a wand of flame (27/48)
Books
 b - a book of Flames

   Spells                             Type                      Level
   a - Flame Tongue                   Conjuration/Fire             1
   b - Throw Flame                    Conjuration/Fire             2
   c - Conjure Flame                  Conjuration/Fire             3
   d - Inner Flame                    Hexes/Fire                   3
   e - Sticky Flame                   Conjuration/Fire             4
   f - Fireball                       Conjuration/Fire             5
Comestibles
 c - a bread ration
 d - 2 meat rations
 f - 9 chunks of flesh


   Skills:
 - Level 2.4 Dodging
 - Level 2.4 Stealth
 * Level 4.4 Spellcasting
 + Level 2.0 Conjurations
 + Level 4.0 Fire Magic


You had one spell level left.
You knew the following spells:

 Your Spells              Type           Power        Failure   Level  Hunger
a - Flame Tongue          Conj/Fire      ###..        3%          1    None
b - Throw Flame           Conj/Fire      ###...       6%          2    #......
c - Conjure Flame         Conj/Fire      ###.....     12%         3    ###....
d - Inner Flame           Hex/Fire       ##......     17%         3    ###....


Dungeon Overview and Level Annotations

Branches:
Dungeon (2/15)

Altars:
The Shining One


Message History

You kill the adder!
Your Conjurations skill increases to level 2!
You feel sick.
* * * LOW HITPOINT WARNING * * *
You feel sick.
You see here an adder corpse.
You butcher the adder corpse.
* * * LOW HITPOINT WARNING * * *
You feel sick.
Things that are here:
2 chunks of flesh; an adder skeleton
f - 9 chunks of flesh (gained 2)
* * * LOW HITPOINT WARNING * * *
You feel sick.
* * * LOW HITPOINT WARNING * * *
You feel sick.
* * * LOW HITPOINT WARNING * * *
You feel sick.
Found a scroll labeled WIG DASENEING.
You die...

##...........<..
#........#......
...$........... ##
............ #.
###.......# #.
#.........# ###
##.##[#...รท...#....
#..<..##...%....#
#.#.####...@.#### #.
#.. #..........?. #
##...............
###.............
###......###..
##....## . #.....
#.###..


There were no monsters in sight!

Vanquished Creatures
  Jessica (D:2)
  An adder (D:2)
  A dart slug (D:1)
  3 bats
  A goblin (D:1)
  3 hobgoblins (D:1)
  5 kobolds (D:1)
  2 frilled lizards (D:1)
  3 rats (D:1)
20 creatures vanquished.

Notes
Turn   | Place    | Note
-------+----------+-------------------------------------------
     0 | D:1      | Kidiri the Deep Elf Fire Elementalist began the quest for the Orb.
     0 | D:1      | Reached XP level 1. HP: 10/10 MP: 6/6
   251 | D:1      | Reached XP level 2. HP: 15/15 MP: 3/8
   259 | D:1      | Learned a level 2 spell: Throw Flame
   405 | D:1      | Found a glowing golden altar of the Shining One.
  1148 | D:2      | Noticed Jessica
  1386 | D:2      | Killed Jessica
  1386 | D:2      | Reached XP level 3. HP: 19/19 MP: 6/10
  1391 | D:2      | Learned a level 3 spell: Conjure Flame
  1395 | D:2      | Learned a level 3 spell: Inner Flame
  1424 | D:2      | Succumbed to an adder's poison

Vault maps used:
D:1:      lightli_arrival_chessboard, tso_altar
D:2:      uniq_jessica

Skill      XL: |  1  2  3 |
---------------+----------+-----
Spellcasting   | 4 |  4.4
Fire Magic     | 4 |  4.0
Conjurations   | 2 |  2.0
Dodging        | |  2.4
Stealth        | |  2.4

Action                   || total
-------------------------++-------
Melee: Dagger            ||    11
 Cast: Flame Tongue      ||    31
       Throw Flame       ||     2
  Use: Scroll            ||     4
       Potion            ||     2
 Stab: Sleeping          ||     3
  Eat: Fruit             ||     2
       Beef jerky        ||     1
Armor: Robe              ||     4
Dodge: Dodged            ||    16
